 Dungeon Crawl Stone Soup version 0.21.1-1-g345015fe64 (webtiles) character file.

2748 Naru the Blocker (level 9, -5/78 HPs)
             Began as a Hill Orc Fighter on June 14, 2018.
             Was a Believer of Beogh.
             Slain by a two-headed ogre
             ... wielding a +0 giant spiked club
              (18 damage)
             ... on level 7 of the Dungeon.
             The game lasted 00:21:14 (8853 turns).

Naru the Blocker (Hill Orc Fighter)                 Turns: 8853, Time: 00:21:15

Health: -5/78      AC: 13    Str: 19    XL:     9   Next: 68%
Magic:  12/12      EV: 11    Int: 11    God:    Beogh [**....]
Gold:   581        SH: 16    Dex: 15    Spells: 7/8 levels left

rFire    + . .     SeeInvis .   H - +1 broad axe
rCold    x . .     Gourm    .   c - +0 shield
rNeg     . . .     Faith    .   s - +0 chain mail
rPois    .         Spirit   .   a - +0 helmet
rElec    .         Reflect  +   (no cloak)
rCorr    .         Harm     .   (no gloves)
MR       .....                  o - +1 pair of boots
Stlth    ..........             j - +5 amulet of reflection
HPRegen  0.23/turn              z - ring of fire
MPRegen  0.13/turn              (no ring)

@: agile, about to teleport
A: no striking features
a: Smiting, Renounce Religion


You were on level 7 of the Dungeon.
You worshipped Beogh.
Beogh was pleased with you.
You were not hungry.

You visited 1 branch of the dungeon, and saw 8 of its levels.

You collected 581 gold pieces.

Inventory:

Hand Weapons
 q - a +0 spear
 r - a +0 trident
 u - a +0 trident
 w - a +0 spear
 x - a +0 trident
 y - a +0 trident
 A - a +1 whip of electrocution
 D - a cursed -3 halberd
 H - a +1 broad axe (weapon)
Armour
 a - a +0 helmet (worn)
 c - a +0 shield (worn)
 o - a +1 pair of boots (worn)
 s - a +0 chain mail (worn)
Jewellery
 h - an uncursed amulet of guardian spirit
 j - a +5 amulet of reflection (around neck)
 n - an uncursed amulet of the gourmand
 z - a ring of fire (left hand)
Wands
 v - a wand of polymorph (4)
 I - a wand of clouds (6)
Scrolls
 l - 4 scrolls of identify
 p - a scroll of magic mapping
 E - a scroll of fog
 G - a scroll of amnesia
Potions
 b - a potion of agility
 d - a potion of might
 e - a potion of cancellation
 i - a potion of resistance
 k - 2 potions of flight
 m - a potion of invisibility
 t - 2 potions of haste
 C - 2 potions of degeneration
Books
 B - a book of Frost

   Spells                             Type                      Level
   a - Freeze                         Ice                          1
   b - Throw Frost                    Conjuration/Ice              2
   c - Ozocubu's Armour               Charms/Ice                   3
   d - Throw Icicle                   Conjuration/Ice              4
   e - Summon Ice Beast               Ice/Summoning                4
Comestibles
 f - 5 rations


   Skills:
 * Level 6.6 Fighting
 * Level 8.3(9.0) Axes
 - Level 4.2(6.2) Maces & Flails
 + Level 5.5 Armour
 - Level 0.6 Dodging
 + Level 1.1 Stealth
 * Level 8.6 Shields
 - Level 0.1 Unarmed Combat
 - Level 2.0 Ice Magic
 * Level 4.3 Invocations


You had 7 spell levels left.
You knew the following spells:

 Your Spells              Type           Power        Failure   Level  Hunger
a - Freeze                Ice            #...         98%         1    ##.....


Dungeon Overview and Level Annotations

Branches:
Dungeon (8/15)             Temple (0/1) D:6
   Lair: D:8-11

Altars:
Ashenzari
Cheibriados
Elyvilon
Fedhas
Gozag
Makhleb
Nemelex Xobeh
Sif Muna
Uskayaw
Vehumet
The Shining One


Message History

There is a stone staircase leading down here.
You feel agile all of a sudden.
The two-headed ogre hits you with a giant spiked club!
The two-headed ogre hits you with a giant spiked club.
Okay, then.
You slash the two-headed ogre!
The two-headed ogre is lightly wounded.
You block the two-headed ogre's attack. The two-headed ogre closely misses you.
You barely miss the two-headed ogre.
The two-headed ogre is lightly wounded.
You hit the two-headed ogre.
The two-headed ogre is lightly wounded.
The two-headed ogre hits you with a giant spiked club.
The two-headed ogre closely misses you.
As you read the scroll of teleportation, it crumbles to dust.
You feel strangely unstable. The two-headed ogre barely misses you.
The two-headed ogre hits you with a giant spiked club!
* * * LOW HITPOINT WARNING * * *
The two-headed ogre hits you with a giant spiked club!!
You die...

...#.##.# #......>#
#.....#.# #######.#
#.....#.# #.#.#
#.....#.#### #.#.#
#.#.[..)...# #.#.#
......#.##.####.#.#
....#.#.........#.#
......####.######O#
..#.#...........@.#
#.#.######.######.#
#........#.# #.#
#.#...##.#.# #.#
...........########
#.#[..............#
......##...#.#.##.#
#.....##...#.#.##.#
..#.(.##...#.#.##.#


You could see a two-headed ogre.

Vanquished Creatures
  Pikel (D:5)
  The ghost of animesage94 the Skirmisher, an amateur OgBe of Trog (D:4)
  A water moccasin (D:7)
  An orc warrior (D:7)
  An ice beast (D:7)
  2 ogres
  A centaur (D:7)
  A phantom (D:4)
  7 big kobolds (D:5)
  A bullfrog (D:7)
  2 scorpions
  2 howler monkeys (D:7)
  3 orc priests
  2 jellies
  2 bullfrog skeletons
  3 iguanas
  4 orc wizards
  3 worker ants
  5 gnolls
  7 adders
  2 shadow imps
  A dart slug (D:1)
  2 leopard geckos
  20 orcs
  A ball python (D:3)
  2 giant cockroaches
  9 goblins
  7 hobgoblins
  10 jackals
  41 kobolds
  3 quokkas
  A ball python zombie (D:5)
  9 bats
  2 frilled lizards
  A jackal skeleton (D:6)
  A jackal zombie (D:7)
  A quokka skeleton (D:5)
  8 rats
171 creatures vanquished.

Vanquished Creatures (others)
  A slave (D:5)
  A jelly (D:5)
  An orc wizard (D:5)
  A worker ant (D:5)
  An orc (D:4)
  A kobold (D:5)
  A quokka skeleton (D:5)
7 creatures vanquished.

Grand Total: 178 creatures vanquished

Notes
Turn   | Place    | Note
-------+----------+-------------------------------------------
     0 | D:1      | Naru the Hill Orc Fighter began the quest for the Orb.
     0 | D:1      | Reached XP level 1. HP: 19/19 MP: 1/1
   142 | D:1      | Reached XP level 2. HP: 20/27 MP: 2/2
   158 | D:1      | Found an opulent altar of Gozag.
  1007 | D:1      | Reached XP level 3. HP: 31/33 MP: 3/3
  1742 | D:2      | Found a shattered altar of Ashenzari.
  1830 | D:2      | Reached XP level 4. HP: 40/40 MP: 4/4
  2043 | D:2      | Found a burning altar of Makhleb.
  2043 | D:2      | Noticed a balrug
  2047 | D:2      | Noticed an orange demon
  2047 | D:2      | Noticed a hellwing
  3100 | D:4      | Became a worshipper of Beogh the Brigand
  3110 | D:4      | Noticed animesage94's ghost (amateur OgBe)
  3203 | D:4      | Reached XP level 5. HP: 47/47 MP: 5/5
  3246 | D:4      | Noticed a phantom
  3310 | D:4      | Killed a phantom
  3310 | D:4      | Reached skill level 5 in Axes
  3310 | D:4      | Reached XP level 6. HP: 33/53 MP: 6/6
  3330 | D:4      | Learned a level 1 spell: Freeze
  3633 | D:4      | Found a hide-covered altar of Uskayaw.
  3683 | D:4      | Killed animesage94's ghost
  3683 | D:4      | Reached skill level 5 in Fighting
  3683 | D:4      | Reached skill level 5 in Shields
  3683 | D:4      | Reached skill level 1 in Ice Magic
  3683 | D:4      | Reached skill level 1 in Invocations
  3683 | D:4      | Reached XP level 7. HP: 52/61 MP: 6/8
  3964 | D:5      | Entered Level 5 of the Dungeon
  5064 | D:5      | Found a snail-covered altar of Cheibriados.
  5070 | D:5      | Noticed Pikel
  5116 | D:5      | Killed Pikel
  5116 | D:5      | Reached skill level 5 in Armour
  5116 | D:5      | Reached XP level 8. HP: 33/70 MP: 8/10
  5264 | D:5      | HP: 2/70 [orc priest/divine providence (13)]
  5297 | D:7      | HP: 2/70 [orc warrior/scimitar (4)]
  5316 | D:7      | Reached skill level 1 in Maces & Flails
  5897 | D:5      | Reached * piety under Beogh
  5997 | D:5      | Reached XP level 9. HP: 75/75 MP: 11/11
  6034 | D:5      | Reached skill level 1 in Stealth
  6197 | D:5      | Reached ** piety under Beogh
  6939 | D:6      | Found a staircase to the Ecumenical Temple.
  6979 | D:6      | Found a glowing golden altar of the Shining One.
  7341 | D:6      | Found a white marble altar of Elyvilon.
  7416 | D:6      | Found a deep blue altar of Sif Muna.
  7417 | D:6      | Found a sparkling altar of Nemelex Xobeh.
  7644 | D:7      | Found a blossoming altar of Fedhas.
  8241 | D:7      | Found a radiant altar of Vehumet.
  8822 | D:8      | Noticed a two-headed ogre
  8853 | D:7      | Slain by a two-headed ogre

Skill      XL: |  1  2  3  4  5  6  7  8  9 |
---------------+----------------------------+-----
Axes           | 3 4 5 6 8 |  8.3
Fighting       | 4 5 6 |  6.6
Shields        | 4 5 6 8 |  8.6
Armour         | 4 5 |  5.5
Ice Magic      | 1 2 |  2.0
Invocations    | 1 3 4 |  4.3
Maces & Flails | 2 4 |  4.2
Stealth        | 1 |  1.1
Dodging        | |  0.6
Unarmed Combat | |  0.1

Action                   |  1- 3 |  4- 6 |  7- 9 || total
-------------------------+-------+-------+-------++-------
Melee: War axe           |   116 |   123 |    82 ||   321
       Unarmed           |       |       |    19 ||    19
       Whip              |       |       |   347 ||   347
       Broad axe         |       |       |    14 ||    14
Invok: Convert to Beogh  |       |     1 |       ||     1
Evoke: Wand              |       |       |     4 ||     4
  Use: Potion            |       |     1 |     9 ||    10
       Scroll            |       |       |    18 ||    18
 Stab: Invisible         |       |       |     4 ||     4
  Eat: Ration            |     1 |     2 |     5 ||     8
Armor: Scale mail        |    57 |       |       ||    57
       Chain mail        |     8 |    77 |   148 ||   233
       Skin              |       |       |     2 ||     2
Dodge: Dodged            |    38 |    31 |    87 ||   156
Block: Shield            |    59 |    75 |   356 ||   490
       Reflection        |       |       |    23 ||    23
